TOP OF THE 1ST |
University of Nebraska Cornhuskers batting - Pitching for California State University at Fullerton Titans : RHP Jason Stout
|
Pitching: RHP Jason Stout
|
|
Batting: RHB Kekoa Kahele
|
0-0: Called Strike 0-1: Ground out U3 (Groundball, 34, EV 83.8 MPH)
|
Batting: RHB Hanley Hernandez
|
0-0: Ball 1-0: Called Strike 1-1: Foul Ball, location: 2F 1-2: Strikes out swinging
|
Batting: RHB Jose Zuniga
|
0-0: Called Strike 0-1: Ball 1-1: Ball 2-1: Ground out 6-3 (Groundball, 6M, EV 102.5 MPH)
|
Top of the 1st over - 0 runs, 0 hits, 0 errors, 0 left on base; University of Nebraska 0 - California State University at Fullerton 0 |
BOTTOM OF THE 1ST |
California State University at Fullerton Titans batting - Pitching for University of Nebraska Cornhuskers : RHP Adam McBride
|
Pitching: RHP Adam McBride
|
|
Batting: LHB Newt Peper
|
0-0: Called Strike 0-1: Bunt for hit to 15 - play at first, batter safe!
|
Batting: LHB Zachery Ballard
|
0-0: Ball 1-0: 2-RUN HOME RUN (Flyball, 9D, EV 98.8 MPH), Distance : 384 ft
|
Batting: RHB Wan-ling Zhu
|
0-0: Ball 1-0: Foul Ball, location: 2F 1-1: SINGLE (Groundball, 4MS, EV 76.9 MPH) (infield hit)
|
Batting: LHB Mike Fielden
|
0-0: Swinging Strike 0-1: Ball 1-1: Swinging Strike 1-2: Fly out, F5 (Popup, 5S, EV 73.8 MPH)
|
Batting: RHB Manny Olave
|
0-0: Ball 1-0: Ball 2-0: Ball 3-0: Base on Balls Wan-ling Zhu to second
|
Batting: LHB Xue-liang Zhou
|
0-0: Ball 1-0: Swinging Strike 1-1: Ball 2-1: Ball 3-1: Base on Balls Wan-ling Zhu to third Manny Olave to second
|
Batting: LHB Wing-tat Tai
|
0-0: Ball 1-0: Called Strike 1-1: Ball 2-1: Ball 3-1: Base on Balls Wan-ling Zhu scores Manny Olave to third Xue-liang Zhou to second
|
Batting: LHB Walt van der Rest
|
0-0: Swinging Strike 0-1: Fielders Choice at 2nd, 4-6 (Groundball, 34, EV 109.4 MPH) Manny Olave scores Xue-liang Zhou to third
|
Batting: SHB Albert Cruz
|
0-0: Ball Wild Pitch! Xue-liang Zhou scores Walt van der Rest to second 1-0: Swinging Strike 1-1: Called Strike 1-2: Ball 2-2: Strikes out looking
|
Bottom of the 1st over - 5 runs, 3 hits, 0 errors, 1 left on base; University of Nebraska 0 - California State University at Fullerton 5 |
TOP OF THE 2ND |
University of Nebraska Cornhuskers batting - Pitching for California State University at Fullerton Titans : RHP Jason Stout
|
Batting: SHB Karl Starnes
|
0-0: Ground out U3 (Groundball, 34S, EV 93.1 MPH)
|
Batting: RHB Doug Thornsberry
|
0-0: Foul Ball, location: 2F 0-1: Ground out 5-3 (Groundball, 5, EV 83.8 MPH)
|
Batting: RHB Yuusei Narita
|
0-0: Ball 1-0: DOUBLE (Groundball, 5L, EV 104.4 MPH)
|
Batting: RHB Juan Ordonez
|
0-0: Ball 1-0: Ball 2-0: Ball 3-0: Called Strike 3-1: DOUBLE (Line Drive, 89D, EV 110.0 MPH) Yuusei Narita scores
|
Batting: RHB Alfredo Montero
|
0-0: Foul Ball, location: 2F 0-1: Ball 1-1: Swinging Strike 1-2: Foul Ball, location: 2F 1-2: Ball 2-2: SINGLE (Line Drive, 8RM, EV 100.0 MPH) Juan Ordonez to third Runner from 3rd tries for Home, throw by CF and OUT! 8-2
|
Top of the 2nd over - 1 run, 3 hits, 0 errors, 1 left on base; University of Nebraska 1 - California State University at Fullerton 5 |
BOTTOM OF THE 2ND |
California State University at Fullerton Titans batting - Pitching for University of Nebraska Cornhuskers : RHP Adam McBride
|
Batting: LHB Newt Peper
|
0-0: Fly out, F9 (Line Drive, 9, EV 97.5 MPH)
|
Batting: LHB Zachery Ballard
|
0-0: Called Strike 0-1: Swinging Strike 0-2: Ball 1-2: Ground out 4-3 (Groundball, 34D, EV 82.5 MPH)
|
Batting: RHB Wan-ling Zhu
|
0-0: Ball 1-0: Foul Ball, location: 2F 1-1: Ground out 6-3 (Groundball, 6M, EV 100.6 MPH)
|
Bottom of the 2nd over - 0 runs, 0 hits, 0 errors, 0 left on base; University of Nebraska 1 - California State University at Fullerton 5 |
TOP OF THE 3RD |
University of Nebraska Cornhuskers batting - Pitching for California State University at Fullerton Titans : RHP Jason Stout
|
Batting: RHB Hsien-feng Que
|
0-0: Ball 1-0: Called Strike 1-1: Fly out, F7 (Line Drive, 7D, EV 95.0 MPH)
|
Batting: RHB Kekoa Kahele
|
0-0: Ball 1-0: Ball 2-0: Swinging Strike 2-1: SINGLE (Line Drive, 5L, EV 99.4 MPH)
|
Batting: RHB Hanley Hernandez
|
0-0: Foul Ball, location: 2F 0-1: SINGLE (Line Drive, 89S, EV 104.4 MPH) Kekoa Kahele to second
|
Batting: RHB Jose Zuniga
|
0-0: Swinging Strike 0-1: Grounds into double play, 5-4-3 (Groundball, 5S, EV 81.9 MPH)
|
Top of the 3rd over - 0 runs, 2 hits, 0 errors, 1 left on base; University of Nebraska 1 - California State University at Fullerton 5 |
BOTTOM OF THE 3RD |
California State University at Fullerton Titans batting - Pitching for University of Nebraska Cornhuskers : RHP Adam McBride
|
Pitching: RHP Andy Duarte
|
|
Batting: LHB Mike Fielden
|
0-0: Ball 1-0: SINGLE (Line Drive, 5D, EV 96.2 MPH)
|
Batting: RHB Manny Olave
|
0-0: Called Strike 0-1: Swinging Strike 0-2: Ball 1-2: Foul Ball, location: 2F 1-2: Foul Ball, location: 2F 1-2: Ball 2-2: Fly out, F9 (Flyball, 9LM, EV 86.2 MPH)
|
Batting: LHB Xue-liang Zhou
|
0-0: Ball 1-0: Ball 2-0: Ball 3-0: Base on Balls Mike Fielden to second
|
Batting: LHB Wing-tat Tai
|
0-0: Ball 1-0: Ball 2-0: Ball 3-0: Base on Balls Mike Fielden to third Xue-liang Zhou to second
|
Batting: LHB Walt van der Rest
|
0-0: Swinging Strike 0-1: Called Strike 0-2: SINGLE (Flyball, 6D, EV 98.1 MPH) Mike Fielden scores Xue-liang Zhou to third Wing-tat Tai to second
|
Batting: SHB Albert Cruz
|
0-0: Ball 1-0: Swinging Strike 1-1: Swinging Strike 1-2: Fly out, F9 (Flyball, 9LS, EV 92.5 MPH)
|
Batting: LHB Newt Peper
|
0-0: Called Strike 0-1: Ball 1-1: Called Strike 1-2: Ground out U3 (Groundball, 3L, EV 78.8 MPH)
|
Bottom of the 3rd over - 1 run, 2 hits, 0 errors, 3 left on base; University of Nebraska 1 - California State University at Fullerton 6 |
TOP OF THE 4TH |
University of Nebraska Cornhuskers batting - Pitching for California State University at Fullerton Titans : RHP Jason Stout
|
Batting: SHB Karl Starnes
|
0-0: Ball 1-0: Called Strike 1-1: SINGLE (Flyball, 3D, EV 86.2 MPH)
|
Batting: RHB Doug Thornsberry
|
0-0: Ball 1-0: Ground out 3-1 (Groundball, 34S, EV 67.5 MPH) Karl Starnes to second
|
Batting: RHB Yuusei Narita
|
0-0: TRIPLE (Flyball, 78XD, EV 110.0 MPH) Karl Starnes scores
|
Batting: RHB Juan Ordonez
|
0-0: Ground out 4-3 (Groundball, 13, EV 78.8 MPH) Yuusei Narita scores
|
Batting: RHB Alfredo Montero
|
0-0: Called Strike 0-1: Swinging Strike 0-2: Ball 1-2: SINGLE (Flyball, 89S, EV 97.5 MPH)
|
Batting: RHB Hsien-feng Que
|
0-0: Called Strike 0-1: Foul Ball, location: 2F 0-2: Foul Ball, location: 2F 0-2: Foul Ball, location: 2F 0-2: Foul Ball, location: 2F 0-2: Ball 1-2: Strikes out looking
|
Top of the 4th over - 2 runs, 3 hits, 0 errors, 1 left on base; University of Nebraska 3 - California State University at Fullerton 6 |
BOTTOM OF THE 4TH |
California State University at Fullerton Titans batting - Pitching for University of Nebraska Cornhuskers : RHP Andy Duarte
|
Batting: LHB Zachery Ballard
|
0-0: Ball 1-0: Fly out, F7 (Flyball, 78M, EV 94.4 MPH)
|
Batting: RHB Wan-ling Zhu
|
0-0: Ground out 6-3 (Groundball, 6, EV 85.0 MPH)
|
Batting: LHB Mike Fielden
|
0-0: Fly out, F7 (Line Drive, 7, EV 84.4 MPH)
|
Bottom of the 4th over - 0 runs, 0 hits, 0 errors, 0 left on base; University of Nebraska 3 - California State University at Fullerton 6 |
TOP OF THE 5TH |
University of Nebraska Cornhuskers batting - Pitching for California State University at Fullerton Titans : RHP Jason Stout
|
Pitching: RHP Josh Rutledge
|
|
Batting: RHB Kekoa Kahele
|
0-0: Called Strike 0-1: SINGLE (Groundball, 6MD, EV 101.2 MPH)
|
Batting: RHB Hanley Hernandez
|
0-0: Called Strike 0-1: Ball Kekoa Kahele steals 2nd base 1-1: Ball 2-1: Ball 3-1: Base on Balls
|
Batting: RHB Jose Zuniga
|
0-0: Called Strike 0-1: Swinging Strike 0-2: Ball 1-2: SINGLE (Flyball, 3D, EV 92.5 MPH) Kekoa Kahele to third Hanley Hernandez to second
|
Batting: SHB Karl Starnes
|
0-0: Called Strike 0-1: Grounds into fielders choice 3-2 (Groundball, 3L, EV 81.9 MPH) Hanley Hernandez to third Jose Zuniga to second
|
Pinch Hitting: LHB Luis Fabian
|
0-0: Called Strike 0-1: Ball 1-1: Swinging Strike 1-2: Strikes out looking
|
Batting: RHB Yuusei Narita
|
0-0: Foul Ball, location: 2F 0-1: Ball 1-1: Ball 2-1: Swinging Strike 2-2: Ball 3-2: Base on Balls Hanley Hernandez scores Jose Zuniga to third Karl Starnes to second
|
Pinch Hitting: RHB Mohammed bin Ubaida
|
0-0: Ball 1-0: Ball 2-0: Called Strike 2-1: Ball 3-1: Ground out 3-1 (Groundball, 34, EV 83.8 MPH)
|
Top of the 5th over - 1 run, 2 hits, 0 errors, 3 left on base; University of Nebraska 4 - California State University at Fullerton 6 |
BOTTOM OF THE 5TH |
California State University at Fullerton Titans batting - Pitching for University of Nebraska Cornhuskers : RHP Andy Duarte
|
Now at 2B: Mohammed bin Ubaida
|
|
Now in CF: Luis Fabian
|
|
Batting: RHB Manny Olave
|
0-0: Ball 1-0: Fly out, F9 (Flyball, 9D, EV 97.5 MPH)
|
Batting: LHB Xue-liang Zhou
|
0-0: Fly out, F8 (Flyball, 8RM, EV 93.1 MPH)
|
Batting: LHB Wing-tat Tai
|
0-0: Ball 1-0: Ball 2-0: Ball 3-0: Base on Balls
|
Batting: LHB Walt van der Rest
|
0-0: Ball 1-0: Foul Ball, location: 3F, Error on foul ball, E3 1-1: Called Strike 1-2: Ball 2-2: Strikes out swinging
|
Bottom of the 5th over - 0 runs, 0 hits, 1 error, 1 left on base; University of Nebraska 4 - California State University at Fullerton 6 |
TOP OF THE 6TH |
University of Nebraska Cornhuskers batting - Pitching for California State University at Fullerton Titans : RHP Josh Rutledge
|
Batting: RHB Alfredo Montero
|
0-0: Called Strike 0-1: Swinging Strike 0-2: Strikes out swinging
|
Batting: RHB Hsien-feng Que
|
0-0: SINGLE (Groundball, 6MD, EV 95.0 MPH)
|
Pinch Hitting: LHB Duda Pinho
|
0-0: SINGLE (Groundball, P, EV 75.6 MPH) (infield hit) Hsien-feng Que to second
|
Pinch Hitting: RHB Eric Guy
|
0-0: Called Strike 0-1: Ball 1-1: Called Strike 1-2: Ball 2-2: Fielders Choice at 2nd, 6-4 (Groundball, 6, EV 87.5 MPH) Hsien-feng Que to third
|
Pitching: RHP Casey Duval
|
|
Pinch Hitting: RHB Carlos Ayala
|
Pickoff Throw to First - Error! E1 Hsien-feng Que scores Eric Guy to second 0-0: Ball 1-0: Foul Ball, location: 2F 1-1: Ball 2-1: Ball 3-1: Foul Ball, location: 2F 3-2: Ground out 6-3 (Groundball, 6, EV 103.8 MPH)
|
Top of the 6th over - 1 run, 2 hits, 1 error, 1 left on base; University of Nebraska 5 - California State University at Fullerton 6 |
BOTTOM OF THE 6TH |
California State University at Fullerton Titans batting - Pitching for University of Nebraska Cornhuskers : RHP Andy Duarte
|
Now at SS: Eric Guy
|
|
Now in LF: Duda Pinho
|
|
Now in RF: Carlos Ayala
|
|
Batting: SHB Albert Cruz
|
0-0: Ball 1-0: SINGLE (Line Drive, 8LS, EV 86.2 MPH)
|
Pitching: LHP Jesus Galvan
|
|
Batting: LHB Newt Peper
|
0-0: Ball 1-0: Foul Ball, location: 2F 1-1: SINGLE (Flyball, 5D, EV 86.2 MPH) Albert Cruz to second
|
Batting: RHB Luke Peet
|
0-0: Swinging Strike 0-1: Foul Ball, location: 2F 0-2: Strikes out swinging
|
Pinch Hitting: SHB Dave Ramirez
|
0-0: Ball 1-0: Ball 2-0: Ball 3-0: Called Strike 3-1: Swinging Strike 3-2: Base on Balls Albert Cruz to third Newt Peper to second
|
Pinch Hitting: RHB Guillermo Arredondo
|
0-0: Swinging Strike 0-1: Foul Ball, location: 2F 0-2: Ball 1-2: Ball 2-2: Ball 3-2: Fielders Choice at 2nd, 4-6 (Groundball, 4S, EV 87.5 MPH) Albert Cruz scores Newt Peper to third
|
Batting: RHB Manny Olave
|
0-0: Ball 1-0: Called Strike 1-1: Ball 2-1: Ball 3-1: Ground out 4-3 (Groundball, 4, EV 105.0 MPH)
|
Bottom of the 6th over - 1 run, 2 hits, 0 errors, 2 left on base; University of Nebraska 5 - California State University at Fullerton 7 |
TOP OF THE 7TH |
University of Nebraska Cornhuskers batting - Pitching for California State University at Fullerton Titans : RHP Casey Duval
|
Now at 2B: Vince Harris
|
|
Now at SS: Oscar Ferrer
|
|
Batting: SHB Karl Starnes
|
0-0: SINGLE (Groundball, 6D, EV 100.0 MPH)
|
Batting: LHB Luis Fabian
|
0-0: Called Strike 0-1: Called Strike 0-2: Strikes out looking
|
Batting: LHB Jerry Santana
|
0-0: SINGLE (Line Drive, 4M, EV 95.0 MPH) Karl Starnes to second
|
Pinch Runner at 2nd Malcolm McCauley:
|
|
Batting: RHB Mohammed bin Ubaida
|
0-0: Called Strike 0-1: DOUBLE (Groundball, 5L, EV 97.5 MPH) Malcolm McCauley scores Jerry Santana to third Runner from 3rd tries for Home, SAFE, throw by LF to home
|
Pinch Hitting: RHB Jeremy Aldrich
|
0-0: Ball 1-0: Swinging Strike 1-1: Foul Ball, location: 2F 1-2: Ground out 6-3 (Groundball, 6, EV 83.8 MPH)
|
Batting: RHB Hsien-feng Que
|
0-0: Called Strike 0-1: Foul Ball, location: 2F 0-2: Ball 1-2: Foul Ball, location: 2F 1-2: Ball 2-2: Ball 3-2: Strikes out looking
|
Top of the 7th over - 2 runs, 3 hits, 0 errors, 1 left on base; University of Nebraska 7 - California State University at Fullerton 7 |
BOTTOM OF THE 7TH |
California State University at Fullerton Titans batting - Pitching for University of Nebraska Cornhuskers : LHP Jesus Galvan
|
Now at 1B: Malcolm McCauley
|
|
Now at 3B: Gilles Thomas
|
|
Pinch Hitting: RHB Brad Mobley
|
0-0: Ball 1-0: Foul Ball, location: 2F 1-1: Reached on error, E5 (Groundball, 56, EV 106.9 MPH)
|
Batting: LHB Wing-tat Tai
|
0-0: Called Strike 0-1: Bunt missed! 0-2: SINGLE (Groundball, 56, EV 96.2 MPH) Brad Mobley to second
|
Pinch Hitting: RHB Azeem bin Zuhair
|
0-0: Ball 1-0: Swinging Strike 1-1: DOUBLE (Line Drive, 89M, EV 101.2 MPH) Brad Mobley scores Wing-tat Tai to third
|
Batting: SHB Albert Cruz
|
0-0: Ball 1-0: Ball 2-0: Fly out, F9 (Flyball, 9, EV 95.6 MPH) Runner from 3rd tags up, OUT at HOME! 9-2 Azeem bin Zuhair to third
|
Pinch Hitting: RHB Alastair Guiney
|
0-0: Ball Wild Pitch! Azeem bin Zuhair scores 1-0: Foul Ball, location: 2F 1-1: Fly out, F7 (Line Drive, 7LM, EV 96.2 MPH)
|
Bottom of the 7th over - 2 runs, 2 hits, 1 error, 0 left on base; University of Nebraska 7 - California State University at Fullerton 9 |
TOP OF THE 8TH |
University of Nebraska Cornhuskers batting - Pitching for California State University at Fullerton Titans : RHP Casey Duval
|
Pitching: LHP Chris Luciw
|
|
Now at 1B: Joshua Dingle
|
|
Now at 3B: Amir Christy
|
|
Now in CF: Mulatu Adebayo
|
|
Batting: LHB Duda Pinho
|
0-0: Called Strike 0-1: Foul Ball, location: 2F 0-2: Strikes out swinging
|
Batting: RHB Eric Guy
|
0-0: Fly out, F8 (Line Drive, 8RD, EV 98.8 MPH)
|
Batting: RHB Carlos Ayala
|
0-0: Foul Ball, location: 2F 0-1: Called Strike 0-2: Strikes out swinging
|
Top of the 8th over - 0 runs, 0 hits, 0 errors, 0 left on base; University of Nebraska 7 - California State University at Fullerton 9 |
BOTTOM OF THE 8TH |
California State University at Fullerton Titans batting - Pitching for University of Nebraska Cornhuskers : LHP Jesus Galvan
|
Pitching: LHP Alejandro Rivera
|
|
Batting: RHB Luke Peet
|
0-0: Called Strike 0-1: Swinging Strike 0-2: Ball 1-2: Ball 2-2: Ball 3-2: Fly out, F3 (Popup, 3SF, EV 82.5 MPH)
|
Batting: RHB Vince Harris
|
0-0: Ball 1-0: Foul Ball, location: 2F 1-1: Ball 2-1: Ball 3-1: Foul Ball, location: 2F 3-2: Foul Ball, location: 2F 3-2: Reached on error, E5 (Groundball, 5S, EV 87.5 MPH)
|
Batting: RHB Oscar Ferrer
|
0-0: Fielders Choice at 2nd, 4-6 (Groundball, 4, EV 109.4 MPH)
|
Batting: RHB Manny Olave
|
0-0: Ball 1-0: Ball 2-0: Called Strike 2-1: SINGLE (Line Drive, 4MD, EV 101.9 MPH) Oscar Ferrer to second
|
Batting: RHB Amir Christy
|
0-0: Ball 1-0: Ball 2-0: Fly out, F9 (Flyball, 89S, EV 74.4 MPH)
|
Bottom of the 8th over - 0 runs, 1 hit, 1 error, 2 left on base; University of Nebraska 7 - California State University at Fullerton 9 |
TOP OF THE 9TH |
University of Nebraska Cornhuskers batting - Pitching for California State University at Fullerton Titans : LHP Chris Luciw
|
Pitching: LHP Lorenzo Nunez
|
|
Pinch Hitting: RHB Donovan Vazquez
|
0-0: SINGLE (Groundball, 56S, EV 65.0 MPH) (infield hit)
|
Batting: LHB Luis Fabian
|
0-0: Called Strike 0-1: Called Strike 0-2: Fielders Choice at 2nd, 5-4 (Groundball, 5, EV 96.9 MPH)
|
Batting: LHB Jerry Santana
|
0-0: Ball 1-0: Called Strike 1-1: Fly out, F7 (Flyball, 7LD, EV 88.1 MPH)
|
Pitching: RHP Dave Williams
|
|
Batting: RHB Mohammed bin Ubaida
|
0-0: Ball 1-0: Swinging Strike 1-1: Foul Ball, location: 2F 1-2: Strikes out looking
|
Top of the 9th over - 0 runs, 1 hit, 0 errors, 1 left on base; University of Nebraska 7 - California State University at Fullerton 9 |
|